cohdb
Replays
Latest Replays
All Replays
Popular Replays
Top Player Replays
Match Explorer
How It Works
Community
CoH3 Stats
Reddit
Sign in to upload your games and track your stats! →
Sign in with Steam
Match 45716183
Unlisted
Match 45716183
Overview
Messages
Build Orders
End
Engineer Squad
Selects Airborne Battlegroup
Selects Heavy Machine Gun Paradrop
Heavy Machine Gun Paradrop
Construct Barracks
Riflemen Squad
Grenade Package
Riflemen Squad
Mechanized Support Center
Construct Motor Pool
M8 Greyhound Armored Car
Selects Recon Loiter
Selects Supply Drop
M1 Anti-tank Gun Team
Selects Paratrooper Squad Paradrop
Heavy Machine Gun Paradrop
M24 Chaffee Light Tank
Recon Loiter
Designate Forward Repair Station
Selects Anti-tank Gun Team Paradrop
Anti-tank Gun Team Paradrop
M24 Chaffee Light Tank
Esxile
Eki
我晋升你为上士
FartNoise
0
0
Comments
sign in to comment!
No comments posted yet!